 Dungeon Crawl Stone Soup version 0.21.1-1-g345015f (webtiles) character file.

124 theblackcape the Sneak (level 5, -4/40 HPs)
             Began as a Gnoll Wanderer on June 24, 2018.
             Killed from afar by an orc wizard (6 damage)
             ... with a magic dart
             ... on level 2 of the Dungeon.
             The game lasted 00:06:28 (2647 turns).

theblackcape the Sneak (Gnoll Wanderer)             Turns: 2647, Time: 00:06:30

Health: -4/40      AC:  4    Str: 14    XL:     5   Next: 8%
Magic:  12/12      EV: 10    Int: 13    God:
Gold:   91         SH:  0    Dex: 20    Spells: 14/14 levels left

rFire    . . .     SeeInvis .   q - +0 long sword
rCold    . . .     Gourm    .   (no shield)
rNeg     . . .     Faith    .   g - +0 scale mail
rPois    .         Spirit   .   (no helmet)
rElec    .         Reflect  .   (no cloak)
rCorr    .         Harm     .   (no gloves)
MR       .....                  (no boots)
Stlth    ++........             (no amulet)
HPRegen  0.13/turn              h - -2 ring of protection (curse)
MPRegen  0.13/turn              o - +3 ring of dexterity

@: berserk cooldown, slowed, very slow
A: distributed training, fangs 1, strong nose
a: no special abilities


You were on level 2 of the Dungeon.
You were near starving.

You visited 1 branch of the dungeon, and saw 2 of its levels.

You collected 91 gold pieces.

Inventory:

Hand Weapons
 a - a +2 dagger
 q - a +0 long sword (weapon)
Armour
 e - a +0 robe
 g - a +0 scale mail (worn)
Jewellery
 h - a cursed -2 ring of protection (left hand)
 l - an uncursed ring of fire
 o - a +3 ring of dexterity (right hand)
Scrolls
 j - 3 scrolls of teleportation
 n - 2 scrolls of identify
 p - 2 scrolls of remove curse {unknown}
 r - a scroll of enchant weapon {unknown}
Potions
 b - a potion of berserk rage
 d - 3 potions of curing
 i - 3 potions of heal wounds {unknown}
 k - a potion of haste {unknown}
 m - a potion of invisibility
Comestibles
 f - 4 rations


   Skills:
 + Level 2.8 Fighting
 + Level 1.3 Short Blades
 + Level 1.3 Long Blades
 + Level 1.3 Axes
 + Level 1.3 Maces & Flails
 + Level 1.3 Polearms
 + Level 1.3 Staves
 + Level 1.3 Slings
 + Level 1.3 Bows
 + Level 1.3 Crossbows
 + Level 1.3 Throwing
 + Level 1.3 Armour
 + Level 2.8 Dodging
 + Level 6.1 Stealth
 + Level 1.3 Shields
 + Level 4.7 Unarmed Combat
 + Level 5.1 Spellcasting
 + Level 1.0 Conjurations
 + Level 1.0 Hexes
 + Level 1.0 Charms
 + Level 1.0 Summonings
 + Level 1.0 Necromancy
 + Level 1.0 Translocations
 + Level 1.0 Transmutations
 + Level 2.3 Fire Magic
 + Level 1.0 Ice Magic
 + Level 1.0 Air Magic
 + Level 1.0 Earth Magic
 + Level 1.0 Poison Magic
 + Level 1.4 Invocations
 + Level 1.3 Evocations


You had 14 spell levels left.
You didn't know any spells.

Dungeon Overview and Level Annotations

Branches:
Dungeon (2/15)

Altars:
Kikubaaqudgha
Makhleb
Trog
Uskayaw
Xom


Innate Abilities, Weirdness & Mutations

Your experience applies equally to all skills.
You have very sharp teeth.
Your uncanny sense of smell can sniff out nearby items.


Message History

The kobold hits you but does no damage. The orc wizard casts a spell at you.
The magic dart hits you!
* * * LOW HITPOINT WARNING * * *
The kobold hits you but does no damage.
The orc wizard hits you but does no damage.
You hit the orc wizard but do no damage.
The orc wizard is moderately wounded.
You feel less wooden.
Your +0 scale mail unmelds from your body.
The orc wizard hits you but does no damage.
The kobold hits you.
* * * LOW HITPOINT WARNING * * *
The orc wizard casts a spell at you. You resist with some effort.
The kobold barely misses you.
You riposte.
You slash the kobold!
You kill the kobold!
The orc wizard gestures at you while chanting.
The magic dart hits you!
You die...

#
#....####.#.[......#
#..................#
#..................#
#...............####
##..............#
#.........>....#
#..............###
#..........)......
#.........@o......
###########)......
....... .......
....... .......
....... .......


You could see an orc wizard.

Vanquished Creatures
  An orc wizard (D:2)
  3 adders
  An ooze (D:2)
  2 dart slugs (D:2)
  A leopard gecko (D:2)
  2 orcs (D:2)
  2 ball pythons
  3 giant cockroaches
  3 goblins
  10 hobgoblins
  3 jackals (D:1)
  7 kobolds
  2 quokkas (D:2)
  3 bats (D:1)
  9 frilled lizards
  4 rats (D:2)
56 creatures vanquished.

Notes
Turn   | Place    | Note
-------+----------+-------------------------------------------
     0 | D:1      | theblackcape the Gnoll Wanderer began the quest for the Orb.
     0 | D:1      | theblackcape set off with: a +2 dagger, a potion of berserk rage, a potion of lignification, a potion of curing, a +0 robe, a ration
     0 | D:1      | Reached XP level 1. HP: 17/17 MP: 6/6
   111 | D:1      | Reached XP level 2. HP: 23/23 MP: 7/7
   662 | D:1      | Reached XP level 3. HP: 28/28 MP: 9/9
   743 | D:1      | Reached skill level 5 in Spellcasting
  1216 | D:2      | Reached skill level 6 in Stealth
  1339 | D:2      | Reached skill level 1 in Invocations
  1499 | D:2      | Found a burning altar of Makhleb.
  1500 | D:2      | Found a bloodstained altar of Trog.
  1500 | D:2      | Found an ancient bone altar of Kikubaaqudgha.
  1501 | D:2      | Found a shimmering altar of Xom.
  1933 | D:2      | Reached skill level 1 in Short Blades
  1933 | D:2      | Reached skill level 1 in Long Blades
  1933 | D:2      | Reached skill level 1 in Axes
  1933 | D:2      | Reached skill level 1 in Maces & Flails
  1933 | D:2      | Reached skill level 1 in Polearms
  1933 | D:2      | Reached skill level 1 in Staves
  1933 | D:2      | Reached skill level 1 in Slings
  1933 | D:2      | Reached skill level 1 in Bows
  1933 | D:2      | Reached skill level 1 in Crossbows
  1933 | D:2      | Reached skill level 1 in Throwing
  1933 | D:2      | Reached skill level 1 in Armour
  1933 | D:2      | Reached skill level 1 in Shields
  1933 | D:2      | Reached skill level 1 in Evocations
  1995 | D:2      | Reached XP level 4. HP: 34/34 MP: 11/11
  2393 | D:2      | Noticed a hand axe
  2393 | D:2      | Noticed a hand axe
  2395 | D:2      | Found a hide-covered altar of Uskayaw.
  2639 | D:2      | Reached skill level 1 in Conjurations
  2639 | D:2      | Reached skill level 1 in Hexes
  2639 | D:2      | Reached skill level 1 in Charms
  2639 | D:2      | Reached skill level 1 in Summonings
  2639 | D:2      | Reached skill level 1 in Necromancy
  2639 | D:2      | Reached skill level 1 in Translocations
  2639 | D:2      | Reached skill level 1 in Transmutations
  2639 | D:2      | Reached skill level 1 in Ice Magic
  2639 | D:2      | Reached skill level 1 in Air Magic
  2639 | D:2      | Reached skill level 1 in Earth Magic
  2639 | D:2      | Reached skill level 1 in Poison Magic
  2643 | D:2      | Reached XP level 5. HP: 14/40 MP: 12/12
  2647 | D:2      | HP: 2/40 [kobold (1)]
  2647 | D:2      | Killed from afar by an orc wizard

Skill      XL: |  1  2  3  4 |
---------------+-------------+-----
Fire Magic     | 2 |  2.3
Spellcasting   | 5 |  5.1
Stealth        | 6 |  6.1
Invocations    | 1 |  1.4
Short Blades   | 1 |  1.3
Long Blades    | 1 |  1.3
Axes           | 1 |  1.3
Maces & Flails | 1 |  1.3
Polearms       | 1 |  1.3
Staves         | 1 |  1.3
Slings         | 1 |  1.3
Bows           | 1 |  1.3
Crossbows      | 1 |  1.3
Throwing       | 1 |  1.3
Armour         | 1 |  1.3
Shields        | 1 |  1.3
Evocations     | 1 |  1.3
Conjurations   | 1 |  1.0
Hexes          | 1 |  1.0
Charms         | 1 |  1.0
Summonings     | 1 |  1.0
Necromancy     | 1 |  1.0
Translocations | 1 |  1.0
Transmutations | 1 |  1.0
Ice Magic      | 1 |  1.0
Air Magic      | 1 |  1.0
Earth Magic    | 1 |  1.0
Poison Magic   | 1 |  1.0
Fighting       | |  2.8
Dodging        | |  2.8
Unarmed Combat | |  4.7

Action                   |  1- 3 |  4- 6 || total
-------------------------+-------+-------++-------
Melee: Unarmed           |   126 |       ||   126
       Bite              |    10 |     1 ||    11
       Punch             |     2 |       ||     2
       Long sword        |     1 |    48 ||    49
  Use: Scroll            |     2 |       ||     2
       Potion            |       |     2 ||     2
 Stab: Sleeping          |     6 |       ||     6
  Eat: Chunk             |     3 |     1 ||     4
Armor: Scale mail        |    49 |    19 ||    68
       Skin              |       |    45 ||    45
Dodge: Dodged            |    71 |    44 ||   115
       Rpst.: Long sword |       |    11 ||    11
